 Dungeon Crawl Stone Soup version 0.18-a0-1435-gee79d65 (webtiles) character file.

547984 glosham the Conqueror (level 25, -10/300 (304) HPs)
             Began as an Ogre Wanderer on Feb 25, 2016.
             Was the Champion of the Shining One.
             Mangled by a phantasmal warrior (20 damage)
             ... summoned by a greater mummy
             ... on level 2 of the Tomb of the Ancients on Feb 28, 2016.
             The game lasted 17:32:21 (42964 turns).

glosham the Conqueror (Ogre Wanderer)              Turns: 42964, Time: 17:32:21

HP:   -10/300 (304) AC: 35    Str: 31    XL:     25   Next: 56%
MP:   32/32         EV:  5    Int: 15    God:    the Shining One [******]
Gold: 1111          SH:  0    Dex: 10    Spells: 9 memorised, 16 levels left

rFire  . . .     SeeInvis .     a - +12 battleaxe "Nugaq" {chop, rC+ rN+}
rCold  + + +     Gourm    .     X - +12 gold dragon armour
rNeg   + + +     Faith    .     (shield currently unavailable)
rPois  +         Spirit   .     W - +2 hat {rC+}
rElec  .         Dismiss  .     Y - +2 cloak of Love and Death {rF- MR+ Int+4}
rCorr  .         Reflect  .     (gloves unavailable)
SustAt +         Harm     .     (boots unavailable)
MR     +++..                    z - amulet of regeneration
Stlth  ..........               S - ring of sustain attributes
                                A - +5 ring of slaying

@: flayed, slowed, glowing, very slow, extremely resistant to hostile
enchantments, extremely unstealthy
A: unfitting armour, blink, tough skin 1
a: Blink, Divine Shield, Cleansing Flame, Summon Divine Warrior, Renounce
Religion
}: 4/15 runes: barnacled, slimy, silver, gossamer


You were on level 2 of the Tomb of the Ancients.
You worshipped the Shining One.
The Shining One was exalted by your worship.
You were not hungry.

You visited 11 branches of the dungeon, and saw 55 of its levels.
You also visited: Ossuary, Ice Cave and Volcano.

You collected 6715 gold pieces.
You spent 5604 gold pieces at shops.

Inventory:

Hand Weapons
 a - the +12 battleaxe "Nugaq" (weapon) {chop, rC+ rN+}
   (You found it on level 3 of the Elven Halls)

   It inflicts extra damage upon your enemies.
   It protects you from cold.
   It protects you from negative energy.
 b - a +6 giant spiked club of holy wrath
 c - a +4 blowgun
 d - the +3 hand axe of Grace {chop, -Tele rF+++ rN+ Stlth+}
   (You found it on level 3 of the Crypt)

   It inflicts extra damage upon your enemies.
   It renders you almost immune to fire.
   It protects you from negative energy.
   It prevents most forms of teleportation.
   It makes you more stealthy.
Missiles
 e - 44 large rocks (quivered)
 f - 8 throwing nets
Armour
 Q - a fire dragon hide
 W - a +2 hat of cold resistance (worn)
 X - a +12 gold dragon armour (worn)
 Y - the +2 cloak of Love and Death (worn) {rF- MR+ Int+4}
   (You acquired it on level 8 of the Dungeon)

   It affects your intelligence (+4).
   It makes you vulnerable to fire.
   It affects your resistance to hostile enchantments.
Magical Staves
 w - an uncursed staff of wizardry {!a}
Jewellery
 z - an amulet of regeneration (around neck)
 A - a +5 ring of slaying (left hand)
 B - the ring "Baugaodd" {rF+ MP+9 Str+4 Int+8 Stlth-}
   (You found it on level 3 of the Elven Halls)

   [ring of magical power]

   It affects your strength (+4).
   It affects your intelligence (+8).
   It protects you from fire.
   It affects your magic capacity (+9).
   It makes you less stealthy.
 D - the ring of Saedum {rF+ AC+1 Int+4 Stlth+}
   (You took it off a yaktaur on level 5 of the Vaults)

   [ring of protection]

   It affects your AC (+1).
   It affects your intelligence (+4).
   It protects you from fire.
   It makes you more stealthy.
 M - an uncursed ring of protection from magic
 N - the ring "Urawket" {rPois rN+ MP+9 Str+2}
   (You found it on level 4 of the Lair of Beasts)

   [ring of positive energy]

   It affects your strength (+2).
   It protects you from poison.
   It protects you from negative energy.
   It affects your magic capacity (+9).
 R - an uncursed ring of resist corrosion
 S - a ring of sustain attributes (right hand)
 T - an uncursed amulet of magic regeneration
Wands
 g - a wand of teleportation (3/9)
 h - a wand of digging (12/24)
 i - a wand of disintegration (3/24)
 F - a wand of enslavement (8/24)
 P - a wand of digging (7/24)
Scrolls
 k - 18 scrolls of teleportation
 l - 3 scrolls of blinking
 m - 6 scrolls of fog
 n - 5 scrolls of fear
 o - 13 scrolls of remove curse
 p - 19 scrolls of identify
 q - 4 scrolls of recharging
 C - 4 scrolls of magic mapping
 E - a scroll of holy word
 G - 5 scrolls of immolation
Potions
 r - 2 potions of heal wounds
 s - 15 potions of curing
 t - 4 potions of magic
 u - 3 potions of cure mutation {!q}
 v - 7 potions of haste
 x - 5 potions of agility
 y - 6 potions of might
 H - 10 potions of brilliance
 I - 7 potions of flight
 J - 4 potions of cancellation
 K - 4 potions of berserk rage {!q}
 L - 6 potions of ambrosia
 O - 5 potions of lignification
Books
 Z - an Akashic Record

   Spells                             Type                      Level
   a - Dispersal                      Translocation                6
   b - Malign Gateway                 Summoning/Translocation      7
   c - Disjunction                    Translocation                8
   d - Controlled Blink               Translocation                8
Comestibles
 j - 21 bread rations


   Skills:
 O Level 27 Fighting
 - Level 17.5(20.2) Axes
 O Level 27 Maces & Flails
 - Level 12.0 Throwing
 - Level 9.1 Armour
 * Level 4.5 Dodging
   Level 7.3 Shields
 - Level 6.1 Spellcasting
 - Level 5.7 Translocations
 * Level 4.1 Invocations
 - Level 1.5 Evocations


You had 16 spell levels left.
You knew the following spells:

 Your Spells              Type           Power        Failure   Level  Hunger
a - Apportation           Tloc           ###.......   38%         1    None
d - Repel Missiles        Chrm/Air       #.....       100%        2    #......
p - Portal Projectile     Tloc           ###...       92%         3    ##.....
B - Summon Butterflies    Summ           #.......     100%        1    None
G - Passage of Golubria   Tloc           N/A          100%        4    ####...
O - Blink                 Tloc           N/A          61%         2    #......
P - Passwall              Trmt/Erth      #.........   100%        2    #......
S - Shroud of Golubria    Chrm/Tloc      ##........   99%         2    #......
T - Teleport Other        Tloc           ###.....     92%         3    ##.....


Dungeon Overview and Level Annotations

Branches:
Dungeon (15/15)            Temple (0/1) D:7            Lair (8/8) D:9
 Shoals (4/4) Lair:3       Spider (4/4) Lair:5        Slime (6/6) Lair:6
    Orc (2/2) D:11            Elf (3/3) Orc:2        Vaults (5/5) D:13
  Crypt (3/3) Vaults:3       Tomb (3/3) Crypt:3      Depths (2/5) D:15

Altars:
Ashenzari
Dithmenos
Elyvilon
Fedhas
Kikubaaqudgha
Makhleb
Okawaru
Yredelemnul
Zin
The Shining One

Shops:
D:4 %   D:8 ?   D:13 *   D:15 *   Orc:2 ?[[(=[*!(   Elf:2 [

Portals:
Hell: Depths:2
Abyss: Depths:1

Annotations:
Spider:3 Arachne


Innate Abilities, Weirdness & Mutations

You are too large for most types of armour.
You have tough skin (AC +1).
You can translocate small distances at will.


Message History

Your body is wracked with pain!
The anubis guard howls a warning cry!
The greater mummy hits you but does no damage.
The flayed ghost stares at you with tortured malice.
Terrible wounds open up all over your body!
You climb upwards.
There is a stone staircase leading down, spattered with blood here.
You slice the greater mummy!!
The greater mummy is lightly damaged.
The greater mummy casts a spell.
You slice the greater mummy!!
The greater mummy is moderately damaged.
The greater mummy hits you but does no damage.
The phantasmal warrior blinks!
You slice the greater mummy like a ripe choko!!!
The greater mummy is severely damaged.
You slash the phantasmal warrior!
The phantasmal warrior is lightly damaged.
You hit the phantasmal warrior.
The phantasmal warrior is lightly damaged.
The greater mummy calls on the powers of darkness!
Your body is wracked with pain!
* * * LOW HITPOINT WARNING * * *
The phantasmal warrior hits you but does no damage.
The phantasmal warrior hits you!!
* * * LOW HITPOINT WARNING * * *
You slice the greater mummy!!
The greater mummy is severely damaged.
You hit the phantasmal warrior but do no damage.
The phantasmal warrior is lightly damaged.
You slice the phantasmal warrior!!
The phantasmal warrior is severely damaged.
You open the mummy like a pillowcase!!!
You destroy the mummy!
The greater mummy hits you!
* * * LOW HITPOINT WARNING * * *
The phantasmal warrior hits you!!
* * * LOW HITPOINT WARNING * * *
The phantasmal warrior hits you!!
You die...

###############################
...#...#.....#>.@)...^..#.....#
...#...#^....#.MWW......#.....#
...#...'^....#..n.^....^#^....#
...#...#.....#.ยง^.....^.'^....#
.#########'##############'#####
.#......................#.^...#
##........(.............#.....#
.#..####.........####...#.:...#
^#..# #.........# #...#...^.#


You could see a greater mummy, 2 phantasmal warriors and a necrophage.

Vanquished Creatures
  the Royal Jelly (Slime:6)
  2 ancient liches
  24 greater mummies
  Saint Roka (Vaults:3)
  A curse toe (Crypt:3)
  Frederick (Vaults:4)
  2 golden dragons (Vaults:5)
  Jory (Vaults:5)
  A bone dragon (Crypt:3)
  Xtahua (Vaults:5)
  Jorgrun (Shoals:3)
  A tentacled monstrosity (Vaults:5)
  5 titans (Vaults:5)
  4 liches
  2 deep elf blademasters (Elf:3)
  A quicksilver dragon (Vaults:5)
  15 acid blobs
  2 deep elf master archers (Elf:3)
  2 Executioners (Tomb:2)
  Kirke (Lair:5)
  9 sphinxes
  5 ancient champions
  The ghost of Duffy the Black Belt, an adept DsMo of Cheibriados (Shoals:3)
  2 revenants
  2 storm dragons (Vaults:5)
  Ilsuiw (Shoals:4)
  4 tengu reavers
  11 azure jellies
  5 shadow dragons
  4 fire giants
  An orc warlord (Orc:2)
  Donald (D:13)
  4 frost giants
  4 ghouls
  7 vault wardens
  3 emperor scorpions (Spider:4)
  2 curse skulls
  6 deep elf sorcerers
  7 balrugs
  3 ghost moths (Spider:4)
  3 cacodemons (Tomb:2)
  5 ironheart preservers
  5 deep elf elementalists (Elf:3)
  3 war gargoyles (Vaults:5)
  The ghost of kroki the Severer, a journeyman MiWn of Makhleb (Lair:5)
  8 stone giants
  A large abomination (Crypt:2)
  A very ugly thing (Depths:2)
  2 salamander stormcallers (Vaults:5)
  7 deep elf demonologists (Elf:3)
  2 vampire knights
  7 bennus
  9 deep elf annihilators
  A spark wasp (Spider:4)
  3 eidola
  23 mummy priests
  Snorg (Lair:4)
  5 blizzard demons
  2 merfolk javelineers (Shoals:4)
  2 deep elf death magi
  4 green deaths
  7 merfolk impalers
  14 ettins
  Josephine (Lair:4)
  10 death oozes
  3 deep elf high priests
  23 vault guards (Vaults:5)
  7 yaktaur captains
  4 entropy weavers
  3 jiangshi (Crypt:3)
  5 great orbs of eyes
  2 fire dragons
  6 catoblepae
  An ice dragon (Depths:2)
  An entropy weaver (shapeshifter) (Vaults:5)
  9 ogre magi
  3 death knights
  6 hydras
  3 deep troll shamans (Depths:2)
  5 merfolk aquamancers (Shoals:4)
  5 centaur warriors
  3 merfolk avatars
  20 death yaks
  A queen ant (shapeshifter) (Vaults:4)
  5 vampire magi
  3 tengu warriors
  4 dancing weapons
  2 deep troll earth magi (Depths:2)
  A sun demon (Volcano)
  A hellephant zombie (Crypt:3)
  4 orc high priests (Orc:2)
  A hell hog (shapeshifter) (Vaults:5)
  A fire crab (Lair:6)
  2 soul eaters
  11 skeletal warriors
  2 deep elf knights
  A salamander mystic (Vaults:5)
  A hellephant skeleton (Crypt:3)
  2 iron trolls (Depths:2)
  An anaconda zombie (Crypt:3)
  18 death scarabs
  A giant orange brain (Slime:3)
  13 deep trolls
  2 unseen horrors
  An unseen horror (shapeshifter) (Vaults:4)
  6 deep elf archers
  7 sea snakes
  7 phantasmal warriors
  2 flayed ghosts
  A harpy (shapeshifter) (Vaults:5)
  5 hill giants
  9 ironbrand convokers
  14 anubis guards
  14 orc knights
  A hell hog zombie (Crypt:3)
  4 harpies
  A necromancer (Vaults:3)
  8 griffons
  11 orb spiders
  31 deep elf magi
  A fire giant zombie (Crypt:3)
  A frost giant zombie (Vaults:3)
  2 shining eyes
  25 wolf spiders
  8 hornets
  8 water nymphs
  3 oklob plants
  5 orc sorcerers
  12 elephants
  6 manticores
  5 fauns
  An elephant (shapeshifter) (Vaults:5)
  2 salamanders (Vaults:5)
  8 ugly things
  5 cyclopes
  A moth of wrath (Spider:4)
  A cyclops (shapeshifter) (Vaults:5)
  A tengu skeleton (Vaults:3)
  2 ice statues (IceCv)
  2 eyes of devastation
  6 black mambas
  11 vault sentinels
  A guardian serpent (shapeshifter) (Vaults:4)
  8 sirens
  2 molten gargoyles (Volcano)
  2 gargoyles (D:13)
  2 torpor snails (Spider:4)
  6 rime drakes
  A torpor snail (shapeshifter) (Vaults:5)
  12 spiny frogs
  6 komodo dragons
  3 orange demons
  10 ice devils (IceCv)
  A rime drake (shapeshifter) (D:15)
  A komodo dragon (shapeshifter) (Vaults:5)
  24 yaktaurs
  7 freezing wraiths
  2 kobold demonologists
  13 demonic crawlers
  2 hellwings
  38 guardian mummies
  A catoblepas skeleton (Tomb:1)
  9 trolls
  3 tengu conjurers
  33 jumping spiders
  2 polar bears
  34 merfolk
  A queen bee (D:12)
  2 raiju (shapeshifter) (Vaults:4)
  2 wind drakes (Shoals:4)
  11 two-headed ogres
  A harpy skeleton (Crypt:3)
  An ettin zombie (Tomb:1)
  84 slime creatures
  16 blink frogs
  An ice dragon zombie (Crypt:2)
  A bog body (Crypt:2)
  8 snapping turtles
  20 ushabtiu
  10 boulder beetles
  A stone giant simulacrum (Vaults:3)
  16 flying skulls
  5 water elementals
  2 spriggans (Lair:3)
  A vampire (D:10)
  A shadow (D:12)
  36 redbacks
  An air elemental (Depths:2)
  18 humans
  A ynoxinul (Crypt:3)
  2 alligator skeletons
  3 hogs (Lair:5)
  19 tarantellas
  A hill giant zombie (D:11)
  8 wraiths
  2 wyverns
  A fire bat (Volcano)
  33 yaks
  A basilisk (shapeshifter) (Vaults:2)
  A fire elemental (Elf:2)
  16 hippogriffs
  A steam dragon (D:10)
  4 basilisks
  8 vampire mosquitoes
  5 hungry ghosts
  Menkaure (D:5)
  25 wolves
  7 wargs
  A soldier ant (D:12)
  A mottled dragon (Vaults:2)
  A hell hound (Volcano)
  11 porcupines
  14 water moccasins
  7 ice beasts
  51 orc warriors
  3 sky beasts
  4 black bears
  2 eyes of draining
  7 phantoms
  A wasp (Spider:4)
  A necrophage (D:10)
  A snapping turtle zombie (Tomb:1)
  33 ogres
  3 boggarts (Vaults:2)
  2 eyes of draining (shapeshifter)
  26 centaurs
  17 crocodiles
  24 giant frogs
  6 big kobolds
  2 earth elementals
  2 elf zombies (Ossuary)
  A gnoll sergeant (D:12)
  A draconian skeleton (Crypt:3)
  A wyvern skeleton (D:12)
  A wyvern zombie (D:10)
  A hell hound zombie (Crypt:3)
  2 troll zombies (D:11)
  2 scorpions
  32 killer bees
  3 vampire bats (Lair:5)
  4 wights (D:10)
  A yak skeleton (Crypt:3)
  An electric eel (Lair:3)
  A lava snake (Volcano)
  2 howler monkeys
  14 crimson imps
  2 centaur zombies
  A giant frog zombie (D:6)
  A quasit (D:14)
  3 hounds
  18 orc priests
  A basilisk zombie (Crypt:3)
  A giant frog skeleton (D:10)
  2 human zombies (Ossuary)
  15 jellies
  18 orc wizards
  5 centaur skeletons
  A human skeleton (Tomb:1)
  10 iguanas
  10 worker ants
  29 sheep
  3 ogre zombies (D:11)
  A crocodile skeleton (Crypt:3)
  2 hound zombies
  A hound skeleton (D:7)
  56 mummies
  A worker ant zombie (D:5)
  12 gnolls
  A howler monkey skeleton (D:11)
  A howler monkey zombie (D:9)
  48 river rats
  10 adders
  4 shadow imps
  A swamp drake skeleton (Crypt:2)
  18 white imps
  7 ufetubi (IceCv)
  4 oozes
  5 adder zombies
  An adder skeleton (D:10)
  2 dart slugs (D:1)
  4 giant geckos
  90 orcs
  2 giant cockroaches (D:2)
  4 gnoll zombies
  5 goblins
  2 hobgoblins
  5 jackals
  20 kobolds
  6 quokkas
  11 bats
  2 giant newts
  A goblin skeleton (D:11)
  5 goblin zombies
  2 hobgoblin skeletons (D:11)
  5 hobgoblin zombies
  A jackal skeleton (D:8)
  7 jackal zombies
  4 kobold zombies (Ossuary)
  11 orc zombies (D:11)
  4 quokka zombies (Ossuary)
  3 rats
  4 rat zombies (Ossuary)
  A butterfly (Lair:1)
  2 fungi
  A lost soul (Crypt:3)
  5 plants
2092 creatures vanquished.

Vanquished Creatures (collateral kills)
  Mennas (Vaults:4)
  A yaktaur (Vaults:4)
  Jessica (D:2)
  2 adders (D:2)
  A giant cockroach (D:2)
  2 hobgoblins (D:2)
  A jackal (D:2)
  A rat (D:2)
10 creatures vanquished.

Vanquished Creatures (others)
  A deep elf elementalist (Elf:3)
  A bennu (Tomb:2)
  A deep elf high priest (Elf:3)
  A storm dragon skeleton (Tomb:2)
  23 death scarabs
  A deep elf mage (Elf:3)
  4 guardian mummies (Tomb:2)
  2 hydra zombies (Tomb:2)
  A harpy skeleton (Tomb:2)
  A fire giant simulacrum (Tomb:2)
  19 flying skulls
  An ice dragon skeleton (Tomb:2)
  A ynoxinul (Tomb:2)
  An ettin simulacrum (Tomb:3)
  A jelly (Slime:4)
  2 mummies (Tomb:2)
  A white imp (IceCv)
  3 ufetubi (IceCv)
  5 fungi
  3 lost souls
  21 plants
  4 tentacles (Shoals:4)
98 creatures vanquished.

Grand Total: 2200 creatures vanquished

Notes
Turn   | Place    | Note
--------------------------------------------------------------
     0 | D:1      | glosham the Ogre Wanderer began the quest for the Orb.
     0 | D:1      | glosham set off with: a stone of tremors, a +0 hand axe, a scroll of teleportation, a +0 robe, a bread ration
     0 | D:1      | Reached XP level 1. HP: 24/24 MP: 2/2
    46 | D:2      | Reached XP level 2. HP: 24/33 MP: 3/3
    71 | D:2      | Noticed Jessica
    74 | D:2      | Killed Jessica
    74 | D:2      | Reached skill level 5 in Fighting
    74 | D:2      | Reached XP level 3. HP: 19/42 MP: 4/4
    87 | D:2      | HP: 3/42 [jackal (3)]
   100 | D:2      | Reached skill level 6 in Fighting
   105 | D:2      | HP: 4/44 [poisoned by an adder]
   257 | D:2      | Reached skill level 1 in Maces & Flails
   381 | D:1      | Reached XP level 4. HP: 22/52 MP: 5/5
   747 | D:1      | Reached skill level 2 in Maces & Flails
  1109 | D:2      | Reached skill level 3 in Maces & Flails
  1510 | D:3      | Reached XP level 5. HP: 36/59 MP: 4/6
  1522 | D:3      | Reached skill level 4 in Maces & Flails
  1549 | D:3      | Found a shadowy altar of Dithmenos.
  1893 | D:3      | Learned a level 2 spell: Blink
  1921 | D:4      | Found Teup's Food Shop.
  2012 | D:4      | Reached skill level 5 in Maces & Flails
  2072 | D:4      | Found an iron altar of Okawaru.
  2143 | D:5      | Entered Level 5 of the Dungeon
  2404 | D:4      | Reached XP level 6. HP: 60/67 MP: 5/7
  2410 | D:4      | Reached skill level 6 in Maces & Flails
  2785 | D:5      | Found a white marble altar of Elyvilon.
  2793 | D:5      | Noticed Menkaure
  2809 | D:5      | Killed Menkaure
  2809 | D:5      | Reached skill level 7 in Maces & Flails
  2880 | D:5      | Noticed a phantom
  2900 | D:5      | Killed a phantom
  2900 | D:5      | Reached skill level 8 in Maces & Flails
  2900 | D:5      | Reached XP level 7. HP: 57/75 MP: 5/8
  2935 | D:5      | Got a slimy mace
  2937 | D:5      | Identified the +7 mace of Mingur Ywo {drain, *Corrode +Blink MR+ Int+10} (You found it on level 5 of the Dungeon)
  3227 | D:5      | Reached skill level 9 in Maces & Flails
  3463 | D:6      | Reached skill level 10 in Maces & Flails
  3475 | D:6      | Found a blossoming altar of Fedhas.
  3540 | D:6      | Found a sand-covered staircase.
  3553 | Ossuary  | Entered an ossuary
  3604 | Ossuary  | Reached XP level 8. HP: 74/83 MP: 9/9
  3657 | Ossuary  | Learned a level 2 spell: Shroud of Golubria
  3659 | Ossuary  | Learned a level 1 spell: Apportation
  3763 | Ossuary  | Reached skill level 1 in Spellcasting
  3963 | D:6      | Reached skill level 11 in Maces & Flails
  4049 | D:6      | Found a burning altar of Makhleb.
  4049 | D:6      | Found a glowing silver altar of Zin.
  4050 | D:6      | Noticed an angel
  4050 | D:6      | Noticed a blizzard demon
  4053 | D:6      | Reached skill level 2 in Spellcasting
  4056 | D:6      | Became a worshipper of Makhleb the Destroyer
  4149 | D:6      | Reached skill level 1 in Translocations
  4215 | D:7      | Got a ripped robe
  4226 | D:7      | Identified the +1 robe "Xubligra" {rPois Stlth+} (You found it on level 7 of the Dungeon)
  4338 | D:7      | Found a staircase to the Ecumenical Temple.
  4358 | D:7      | Reached skill level 2 in Translocations
  4405 | D:7      | Reached skill level 12 in Maces & Flails
  4481 | D:7      | Reached * piety under Makhleb
  4489 | D:7      | Reached XP level 9. HP: 50/89 MP: 5/12
  4517 | D:7      | Found a shattered altar of Ashenzari.
  4771 | D:7      | Reached skill level 3 in Translocations
  4828 | D:7      | Reached skill level 13 in Maces & Flails
  5099 | D:8      | Reached ** piety under Makhleb
  5254 | D:8      | Reached skill level 14 in Maces & Flails
  5333 | D:8      | Found a glowing golden altar of the Shining One.
  5453 | D:8      | Found Ciuf's Magic Scroll Boutique.
  5465 | D:8      | Bought a scroll of brand weapon for 200 gold pieces
  5466 | D:8      | Bought a scroll of identify for 20 gold pieces
  5466 | D:8      | Bought a scroll of blinking for 75 gold pieces
  5466 | D:8      | Bought a scroll of identify for 20 gold pieces
  5466 | D:8      | Bought a scroll of identify for 20 gold pieces
  5467 | D:8      | Gained mutation: You have a pair of small horns on your head. [potion of beneficial mutation]
  5606 | D:9      | Found a staircase to the Lair.
  5624 | D:9      | Reached XP level 10. HP: 88/100 MP: 9/13
  5648 | D:9      | Reached skill level 15 in Maces & Flails
  5937 | D:9      | Found a burning altar of Makhleb.
  6173 | D:9      | Reached skill level 16 in Maces & Flails
  6233 | D:10     | Entered Level 10 of the Dungeon
  6337 | D:10     | Reached skill level 7 in Fighting
  6407 | D:10     | Reached *** piety under Makhleb
  6594 | D:10     | Reached skill level 8 in Fighting
  6837 | D:10     | Noticed a hill giant
  6894 | D:10     | Killed a hill giant
  6894 | D:10     | Reached skill level 9 in Fighting
  6964 | D:10     | Reached skill level 10 in Fighting
  7139 | D:10     | Reached skill level 1 in Armour
  7266 | D:10     | Reached skill level 2 in Armour
  7266 | D:10     | Reached XP level 11. HP: 98/119 MP: 5/14
  7283 | D:10     | Reached skill level 11 in Fighting
  7360 | D:8      | Bought a scroll of enchant armour for 75 gold pieces
  7407 | D:11     | Noticed a manticore
  7416 | D:11     | Killed a manticore
  7475 | D:11     | Noticed a soul eater
  7477 | D:11     | Reached skill level 12 in Fighting
  7503 | D:11     | Reached **** piety under Makhleb
  7859 | D:11     | Found a staircase to the Orcish Mines.
  7886 | D:11     | Noticed a six-headed hydra
  7894 | D:11     | Killed a six-headed hydra
  7894 | D:11     | Reached skill level 13 in Fighting
  7904 | D:11     | Killed an unseen horror
  8050 | D:11     | Noticed a hill giant
  8092 | D:11     | Killed a hill giant
  8209 | D:11     | Reached skill level 14 in Fighting
  8604 | D:10     | Reached ***** piety under Makhleb
  8657 | Orc:1    | Entered Level 1 of the Orcish Mines
  8759 | Orc:2    | Entered Level 2 of the Orcish Mines
  8759 | Orc:2    | Found Noib's Antique Armour Boutique.
  8835 | Orc:2    | Found Tubu's Distillery.
  8847 | Orc:2    | Reached skill level 3 in Spellcasting
  8855 | Orc:2    | Found Raqinn's Antique Weapon Shop.
  8915 | Orc:2    | Found a dark tunnel.
  8930 | Orc:2    | Learned a level 4 spell: Passage of Golubria
  8934 | Orc:2    | Learned a level 3 spell: Portal Projectile
  8938 | Orc:2    | Learned a level 3 spell: Teleport Other
  8939 | Volcano  | Entered a volcano
  9084 | Volcano  | Found a burning altar of Makhleb.
  9084 | Volcano  | Noticed a sun demon
  9090 | Volcano  | HP: 3/131 [sun demon (12)]
  9095 | Volcano  | HP: 2/131 [sun demon (15)]
  9096 | Volcano  | Killed a sun demon
  9258 | Volcano  | Reached skill level 4 in Spellcasting
  9258 | Volcano  | Reached skill level 4 in Translocations
  9258 | Volcano  | Reached XP level 12. HP: 140/140 MP: 13/18
  9803 | Orc:2    | Found Fageyx's Antique Armour Shop.
  9811 | Orc:2    | Found a staircase to the Elven Halls.
  9816 | Orc:2    | Found Sorch's Magic Scroll Emporium.
  9824 | Orc:2    | Bought a scroll of enchant weapon for 97 gold pieces
 10004 | Orc:2    | Reached skill level 5 in Spellcasting
 10101 | Orc:2    | Reached skill level 5 in Translocations
 10282 | Orc:1    | Found Xeduuwn's Book Emporium.
 10531 | D:8      | Bought a scroll of acquirement for 520 gold pieces
 10532 | D:8      | Got an ancient cloak
 10538 | D:8      | Identified the +2 cloak of Love and Death {rF- MR+ Int+4} (You acquired it on level 8 of the Dungeon)
 10581 | Lair:1   | Entered Level 1 of the Lair of Beasts
 10661 | Lair:1   | Reached skill level 1 in Shields
 10673 | Lair:1   | Reached skill level 2 in Shields
 10712 | Lair:1   | Identified the Volume of Cankerous Moulding (You found it on level 1 of the Lair of Beasts)
 10813 | Lair:1   | Reached skill level 3 in Shields
 10973 | Lair:1   | Reached ****** piety under Makhleb
 11078 | Lair:1   | Reached skill level 4 in Shields
 11143 | Lair:2   | Reached skill level 5 in Shields
 11399 | Lair:2   | Reached skill level 6 in Shields
 11770 | Lair:3   | Reached skill level 7 in Shields
 11793 | Lair:3   | Found a frozen archway.
 11812 | IceCv    | Entered an ice cave
 11934 | IceCv    | Reached XP level 13. HP: 144/148 MP: 17/21
 11970 | IceCv    | Reached skill level 15 in Fighting
 12252 | IceCv    | Got a crystal demon blade
 12253 | IceCv    | Identified the +7 demon blade "Sarcophage" {vamp, rC- Str+4 Dex+4} (You found it in an ice cave)
 12384 | Lair:3   | Reached skill level 16 in Fighting
 12882 | Lair:3   | Reached skill level 3 in Armour
 13002 | Lair:3   | Found a staircase to the Shoals.
 13092 | Lair:4   | Got a warped marble ring
 13094 | Lair:4   | Identified the ring "Urawket" {rPois rN+ MP+9 Str+2} (You found it on level 4 of the Lair of Beasts)
 13097 | Lair:4   | Noticed Snorg
 13104 | Lair:4   | Killed Snorg
 13104 | Lair:4   | Reached skill level 4 in Armour
 13290 | Lair:4   | Reached skill level 5 in Armour
 13641 | Lair:4   | Noticed Josephine
 13656 | Lair:4   | Killed Josephine
 13656 | Lair:4   | Reached skill level 6 in Armour
 13852 | Lair:5   | Noticed Kirke
 13868 | Lair:5   | Killed Kirke
 13868 | Lair:5   | Reached skill level 7 in Armour
 13977 | Lair:5   | Reached XP level 14. HP: 163/163 MP: 22/22
 14127 | Lair:5   | Noticed kroki's ghost (journeyman MiWn)
 14154 | Lair:5   | Reached skill level 8 in Armour
 14569 | Lair:5   | Reached skill level 9 in Armour
 14578 | Lair:5   | Found a hole to the Spider Nest.
 14856 | Lair:5   | Killed kroki's ghost
 14912 | Lair:6   | Reached skill level 17 in Fighting
 14993 | Lair:6   | Found a staircase to the Slime Pits.
 15724 | Lair:7   | Reached skill level 18 in Fighting
 16241 | Lair:8   | Entered Level 8 of the Lair of Beasts
 16446 | Lair:8   | Reached skill level 19 in Fighting
 16556 | Lair:8   | Reached XP level 15. HP: 180/180 MP: 23/23
 16835 | Lair:8   | Reached skill level 20 in Fighting
 17108 | Lair:8   | Reached skill level 21 in Fighting
 17169 | Lair:8   | Got a transparent demon whip
 17178 | Lair:8   | Identified the +4 demon whip "Ukuw" {drain, rElec Dex-2 SInv Stlth+} (You found it on level 8 of the Lair of Beasts)
 17720 | D:12     | You fall through a shaft for 2 floors!
 17898 | D:13     | Found a gate to the Vaults.
 17898 | D:13     | Noticed Donald
 17960 | D:12     | Upgraded the game from 0.18-a0-1413-g4eaa9ac to 0.18-a0-1418-ga86aa8f
 18229 | D:13     | Reached skill level 17 in Maces & Flails
 18388 | D:13     | Killed Donald
 18574 | D:13     | Found Hikerem's Magic Scroll Shop.
 18582 | D:13     | Bought a scroll of holy word for 82 gold pieces
 18582 | D:13     | Bought a scroll of enchant armour for 82 gold pieces
 18730 | D:13     | Found Paguceusai's Assorted Antiques.
 18739 | D:13     | Reached skill level 18 in Maces & Flails
 18856 | D:14     | Reached XP level 16. HP: 197/197 MP: 24/24
 19014 | D:14     | Reached skill level 1 in Throwing
 19149 | D:15     | Entered Level 15 of the Dungeon
 19150 | D:15     | Found Tyrakej's Assorted Antiques.
 19200 | D:15     | Reached skill level 2 in Throwing
 19219 | D:15     | Reached skill level 3 in Throwing
 19276 | D:15     | Found a staircase to the Depths.
 19518 | Lair:5   | Reached skill level 4 in Throwing
 19552 | Spider:1 | Entered Level 1 of the Spider Nest
 19606 | Spider:1 | Reached skill level 5 in Throwing
 19693 | Spider:1 | Reached skill level 6 in Throwing
 20224 | Spider:1 | Reached skill level 7 in Throwing
 20423 | Spider:2 | Reached skill level 8 in Throwing
 20463 | Spider:3 | Noticed Arachne
 20518 | Spider:4 | Entered Level 4 of the Spider Nest
 20647 | Spider:4 | Reached skill level 9 in Throwing
 20863 | Spider:4 | Reached skill level 10 in Throwing
 21166 | Spider:4 | Reached skill level 11 in Throwing
 21225 | Spider:4 | Reached XP level 17. HP: 196/205 MP: 0/25
 21444 | Spider:4 | Reached skill level 12 in Throwing
 21577 | Spider:4 | Got a gossamer rune of Zot
 21854 | Shoals:1 | Entered Level 1 of the Shoals
 22123 | Shoals:2 | Reached skill level 19 in Maces & Flails
 22275 | Shoals:2 | Identified a +0 rod of shadows (13/13) (You found it on level 2 of the Shoals)
 22398 | Shoals:3 | Noticed Jorgrun
 22411 | Shoals:3 | Killed Jorgrun
 22437 | Shoals:4 | Entered Level 4 of the Shoals
 22604 | Shoals:3 | Noticed Duffy's ghost (adept DsMo)
 22690 | Shoals:3 | Killed Duffy's ghost
 22690 | Shoals:3 | Reached skill level 20 in Maces & Flails
 23427 | Shoals:4 | Reached skill level 21 in Maces & Flails
 23643 | Shoals:4 | Noticed Ilsuiw
 23715 | Shoals:4 | Noticed a kraken
 23800 | Shoals:4 | Reached XP level 18. HP: 185/215 MP: 26/26
 23880 | Shoals:4 | Found a burning altar of Makhleb.
 23911 | Shoals:4 | Killed Ilsuiw
 23955 | Shoals:4 | Got a barnacled rune of Zot
 24539 | Vaults:1 | Entered Level 1 of the Vaults
 24637 | Vaults:1 | Reached skill level 6 in Spellcasting
 24920 | Vaults:2 | Reached skill level 22 in Maces & Flails
 25001 | Vaults:4 | Noticed Frederick
 25016 | Vaults:4 | Killed Frederick
 25180 | Vaults:4 | Noticed Mennas
 25208 | Vaults:4 | Killed Mennas
 25208 | Vaults:4 | Reached skill level 22 in Fighting
 26233 | Vaults:4 | Reached XP level 19. HP: 228/228 MP: 28/28
 26239 | Vaults:4 | Reached skill level 23 in Maces & Flails
 26622 | Vaults:5 | Entered Level 5 of the Vaults
 26639 | Vaults:5 | Noticed a golden dragon
 26947 | Vaults:5 | Killed a golden dragon
 26947 | Vaults:5 | Reached skill level 24 in Maces & Flails
 26957 | Vaults:5 | Reached skill level 23 in Fighting
 27082 | Vaults:5 | Got a scorched morningstar {flame}
 27083 | Vaults:5 | Identified the cursed +1 morningstar of Crusades {flame, rElec} (You took it off an ironbrand convoker on level 5 of the Vaults)
 27327 | Vaults:5 | Reached skill level 24 in Fighting
 27379 | Vaults:5 | Noticed an ancient lich
 27387 | Vaults:5 | Noticed a tentacled monstrosity
 27389 | Vaults:5 | Killed an ancient lich
 27438 | Vaults:5 | Reached XP level 20. HP: 247/247 MP: 29/29
 27507 | Vaults:5 | Got a warped lead ring
 27509 | Vaults:5 | Identified the ring of Saedum {rF+ AC+1 Int+4 Stlth+} (You took it off a yaktaur on level 5 of the Vaults)
 27591 | Vaults:5 | Noticed Xtahua
 27595 | Vaults:5 | Killed Xtahua
 27595 | Vaults:5 | Reached skill level 25 in Fighting
 27599 | Vaults:5 | Noticed a golden dragon
 27614 | Vaults:5 | Killed a golden dragon
 28029 | Vaults:5 | Reached skill level 26 in Fighting
 28240 | Vaults:5 | Got a silver rune of Zot
 28378 | Vaults:5 | Noticed Jory
 28401 | Vaults:5 | Killed Jory
 28538 | Vaults:5 | Reached skill level 27 in Fighting
 28648 | Vaults:5 | Reached XP level 21. HP: 265/265 MP: 30/30
 28677 | Vaults:5 | Learned a level 2 spell: Passwall
 28682 | Vaults:5 | Learned a level 1 spell: Summon Butterflies
 28689 | Vaults:5 | Learned a level 2 spell: Repel Missiles
 28694 | Vaults:5 | Learned a level 3 spell: Regeneration
 29639 | Orc:2    | Found Keenaj's Antique Armour Boutique.
 29641 | Orc:2    | Found Ateqicw's Antique Weapon Shop.
 29654 | Orc:2    | Found Sonn's General Store.
 29654 | Orc:2    | Found Weseitam's Jewellery Boutique.
 29668 | Orc:2    | Bought an uncursed ring of sustain attributes for 262 gold pieces
 29687 | Orc:2    | Bought a potion of heal wounds for 65 gold pieces
 29687 | Orc:2    | Bought a scroll of identify for 26 gold pieces
 29687 | Orc:2    | Bought a scroll of identify for 26 gold pieces
 29687 | Orc:2    | Bought a potion of cure mutation for 325 gold pieces
 29719 | Orc:2    | Bought a potion of haste for 140 gold pieces
 29719 | Orc:2    | Bought a potion of haste for 140 gold pieces
 29719 | Orc:2    | Bought a potion of haste for 140 gold pieces
 29719 | Orc:2    | Bought a potion of agility for 56 gold pieces
 29719 | Orc:2    | Bought a potion of invisibility for 112 gold pieces
 29719 | Orc:2    | Bought a potion of flight for 42 gold pieces
 29719 | Orc:2    | Bought a potion of heal wounds for 70 gold pieces
 29719 | Orc:2    | Bought a potion of might for 56 gold pieces
 29786 | Elf:1    | Entered Level 1 of the Elven Halls
 29802 | Elf:1    | Reached skill level 25 in Maces & Flails
 30007 | Elf:2    | Found a portal to a secret trove of treasure.
 30151 | Elf:2    | Found Faommot's Antique Armour Shop.
 30172 | Elf:3    | Entered Level 3 of the Elven Halls
 30371 | Elf:3    | Upgraded the game from 0.18-a0-1418-ga86aa8f to 0.18-a0-1426-g3b9a63c
 30568 | Elf:3    | Reached skill level 26 in Maces & Flails
 31122 | Elf:3    | Got a slimy lapis lazuli ring
 31164 | Elf:3    | Got a wavering iron amulet
 31165 | Elf:3    | Identified the amulet "Siungafu" {Harm *Drain MP-9 Str+5 Dex+3} (You found it on level 3 of the Elven Halls)
 31178 | Elf:3    | Got a crude pewter ring
 31192 | Elf:3    | Got an encrusted battleaxe
 31195 | Elf:3    | Identified the ring "Baugaodd" {rF+ MP+9 Str+4 Int+8 Stlth-} (You found it on level 3 of the Elven Halls)
 31197 | Elf:3    | Identified the ring of Kiliotad {rN+ MR- Str+5 Stlth+} (You found it on level 3 of the Elven Halls)
 31210 | Elf:3    | Identified the +12 battleaxe "Nugaq" {chop, rC+ rN+} (You found it on level 3 of the Elven Halls)
 31359 | Orc:2    | Bought a scroll of blinking for 97 gold pieces
 31359 | Orc:2    | Bought a scroll of identify for 26 gold pieces
 31359 | Orc:2    | Bought a scroll of identify for 26 gold pieces
 31359 | Orc:2    | Bought a scroll of magic mapping for 45 gold pieces
 31392 | Orc:2    | Bought a warped mottled dragon armour for 1575 gold pieces
 31404 | Orc:2    | Identified the cursed +1 mottled dragon armour of Grace {rElec rCorr Dex-4 SInv} (You bought it in a shop on level 2 of the Orcish Mines)
 31456 | Orc:2    | Bought 3 potions of magic for 336 gold pieces
 31456 | Orc:2    | Bought a potion of brilliance for 56 gold pieces
 31456 | Orc:2    | Bought a potion of curing for 42 gold pieces
 31513 | D:11     | Reached skill level 2 in Axes
 31600 | Depths:1 | Entered Level 1 of the Depths
 31600 | Depths:1 | Found a one-way gate to the infinite horrors of the Abyss.
 31627 | Depths:1 | Reached skill level 3 in Axes
 31690 | Depths:2 | Reached skill level 4 in Axes
 31690 | Depths:2 | Reached XP level 22. HP: 236/275 MP: 31/31
 31762 | Depths:2 | Reached skill level 5 in Axes
 32014 | Depths:2 | Reached skill level 6 in Axes
 32075 | Depths:2 | Found a gateway to Hell.
 32361 | Slime:1  | Entered Level 1 of the Pits of Slime
 32468 | Slime:3  | Reached skill level 7 in Axes
 32517 | Slime:5  | Gained mutation: You are dopey. (Int -2) [a shining eye]
 32553 | Slime:6  | Entered Level 6 of the Pits of Slime
 32567 | Slime:6  | Reached skill level 8 in Axes
 32686 | Slime:6  | Noticed the Royal Jelly
 32783 | Slime:6  | Killed the Royal Jelly
 32783 | Slime:6  | Reached skill level 9 in Axes
 32846 | Slime:6  | Got a faintly glowing mace
 32913 | Slime:6  | Identified the +6 mace of Suas Wue {drain, +Fly rPois rN+ Dex-3} (You found it on level 6 of the Pits of Slime)
 32917 | Slime:6  | Got a slimy rune of Zot
 32926 | Slime:6  | Identified the Collected Works on the Destructive Volcanoes
 33153 | D:8      | Bought a scroll of fog for 20 gold pieces
 33153 | D:8      | Bought a scroll of magic mapping for 35 gold pieces
 33182 | D:8      | Fell from the grace of Makhleb
 33182 | D:8      | Became a worshipper of the Shining One
 33298 | D:13     | Bought a scroll of identify for 22 gold pieces
 33298 | D:13     | Bought a scroll of teleportation for 33 gold pieces
 33298 | D:13     | Bought a scroll of identify for 22 gold pieces
 33298 | D:13     | Bought a scroll of identify for 22 gold pieces
 33298 | D:13     | Bought a scroll of teleportation for 33 gold pieces
 33298 | D:13     | Bought a scroll of teleportation for 33 gold pieces
 33298 | D:13     | Bought a scroll of fog for 22 gold pieces
 33379 | D:13     | Bought a scroll of identify for 58 gold pieces
 33379 | D:13     | Bought a potion of flight for 87 gold pieces
 33436 | D:15     | Bought a scroll of fog for 66 gold pieces
 33436 | D:15     | Bought a scroll of identify for 66 gold pieces
 33436 | D:15     | Bought a scroll of identify for 66 gold pieces
 33436 | D:15     | Bought a scroll of identify for 66 gold pieces
 33436 | D:15     | Bought a potion of curing for 99 gold pieces
 33572 | Vaults:2 | Reached skill level 10 in Axes
 33975 | Vaults:2 | Reached * piety under the Shining One
 34231 | Vaults:2 | Reached XP level 23. HP: 284/284 MP: 32/32
 34669 | Vaults:3 | Reached skill level 11 in Axes
 34795 | Vaults:3 | Found a staircase to the Crypt.
 34795 | Vaults:3 | Found an ancient bone altar of Kikubaaqudgha.
 34796 | Vaults:3 | Found a basalt altar of Yredelemnul.
 34802 | Crypt:1  | Entered Level 1 of the Crypt
 34802 | Crypt:1  | Reached ** piety under the Shining One
 34802 | Crypt:1  | Noticed Saint Roka
 34855 | Vaults:3 | Killed Saint Roka
 35157 | Crypt:2  | Reached *** piety under the Shining One
 35358 | Crypt:3  | Entered Level 3 of the Crypt
 35375 | Crypt:2  | Reached skill level 12 in Axes
 35383 | Crypt:3  | Reached **** piety under the Shining One
 35400 | Crypt:3  | Upgraded the game from 0.18-a0-1426-g3b9a63c to 0.18-a0-1435-gee79d65
 35753 | Crypt:3  | Reached ***** piety under the Shining One
 35797 | Crypt:3  | Reached skill level 27 in Maces & Flails
 35890 | Crypt:3  | Got a brightly glowing hand axe
 35893 | Crypt:3  | Identified the +3 hand axe of Grace {chop, -Tele rF+++ rN+ Stlth+} (You found it on level 3 of the Crypt)
 36024 | Crypt:3  | Found a staircase to the Tomb.
 36113 | Crypt:3  | Noticed a curse toe
 36131 | Crypt:3  | Got a glittering steel ring
 36132 | Crypt:3  | Identified the ring "Piodo" {Fragile rF- rN+ Int+2 Dex+8} (You found it on level 3 of the Crypt)
 36134 | Crypt:3  | Got a flickering steel ring
 36145 | Crypt:3  | Killed a curse toe
 36152 | Crypt:3  | Identified the ring "Dogyes" {rN+ MP+9} (You found it on level 3 of the Crypt)
 36154 | Crypt:3  | Got an ancient ruby amulet
 36155 | Crypt:3  | Identified the amulet "Keubbano" {Inacc Str+2 SInv} (You found it on level 3 of the Crypt)
 36259 | Crypt:3  | Noticed an ancient lich
 36269 | Crypt:3  | Killed an ancient lich
 36294 | Crypt:3  | Reached skill level 13 in Axes
 36349 | Tomb:1   | Entered Level 1 of the Tomb of the Ancients
 36622 | Tomb:1   | Noticed a greater mummy
 36690 | Tomb:1   | Killed a greater mummy
 36797 | Tomb:1   | Reached ****** piety under the Shining One
 36825 | Tomb:1   | Noticed a greater mummy
 36856 | Tomb:1   | Killed a greater mummy
 36941 | Tomb:1   | Reached XP level 24. HP: 116/287 MP: 32/32
 36983 | Tomb:1   | Reached skill level 14 in Axes
 37023 | Tomb:1   | Identified a +6 giant spiked club of holy wrath (a +4 giant spiked club of flaming blessed by the Shining One)
 37023 | Tomb:1   | Received a gift from the Shining One
 37072 | Tomb:1   | Noticed a greater mummy
 37088 | Tomb:1   | Killed a greater mummy
 37281 | Tomb:2   | Noticed a greater mummy
 37281 | Tomb:2   | Noticed a greater mummy
 37281 | Tomb:2   | Noticed a greater mummy
 37281 | Tomb:2   | Noticed a greater mummy
 38031 | Tomb:2   | HP: 25/286 [greater mummy/divine providence (10)]
 38031 | Tomb:2   | HP: 10/286 [jiangshi[a greater mummy] (9)]
 38036 | Tomb:2   | HP: 27/295 [death scarab (8)]
 38037 | Tomb:2   | HP: 3/295 [guardian mummy (15)]
 38066 | Tomb:2   | Killed a greater mummy
 38425 | Tomb:2   | Got a warped morningstar {drain}
 38427 | Tomb:2   | Identified the +5 morningstar of Ophuskagg {drain, Int+4 Dex+4} (You took it off a mummy priest on level 2 of the Tomb of the Ancients)
 38508 | Tomb:2   | Killed a greater mummy
 38508 | Tomb:2   | Reached skill level 15 in Axes
 38532 | Tomb:2   | Killed a greater mummy
 38657 | Tomb:2   | Gained mutation: Your magical capacity is low (-10% MP). [a cacodemon]
 38671 | Tomb:2   | Killed a greater mummy
 38727 | Tomb:2   | Gained mutation: You occasionally shout uncontrollably at your foes. [a cacodemon]
 38732 | Tomb:2   | Gained mutation: You can translocate small distances at will. [a cacodemon]
 38734 | Tomb:2   | Lost mutation: You occasionally shout uncontrollably at your foes. [potion of cure mutation]
 38734 | Tomb:2   | Lost mutation: You have a pair of small horns on your head. [potion of cure mutation]
 38734 | Tomb:2   | Lost mutation: Your magical capacity is low (-10% MP). [potion of cure mutation]
 38734 | Tomb:2   | Lost mutation: You are dopey. (Int -2) [potion of cure mutation]
 39119 | Tomb:1   | Noticed a greater mummy
 39119 | Tomb:1   | Noticed a greater mummy
 39121 | Tomb:1   | Noticed a greater mummy
 39121 | Tomb:1   | Noticed a greater mummy
 39129 | Tomb:2   | Killed a greater mummy
 39251 | Tomb:1   | Noticed a greater mummy
 39259 | Tomb:2   | Killed a greater mummy
 39490 | Tomb:1   | Noticed a greater mummy
 39501 | Tomb:2   | Killed a greater mummy
 39550 | Tomb:2   | Killed a greater mummy
 39707 | Tomb:1   | Noticed a greater mummy
 39708 | Tomb:1   | Killed a greater mummy
 39708 | Tomb:1   | Reached skill level 16 in Axes
 39710 | Tomb:1   | Noticed a greater mummy
 39717 | Tomb:2   | Killed a greater mummy
 39827 | Tomb:2   | Killed a greater mummy
 39840 | Tomb:2   | Killed a greater mummy
 40061 | Tomb:1   | Noticed a greater mummy
 40082 | Tomb:1   | Killed a greater mummy
 40300 | Tomb:1   | Noticed a greater mummy
 40329 | Tomb:1   | Killed a greater mummy
 40575 | Tomb:1   | Noticed a greater mummy
 40605 | Tomb:1   | Killed a greater mummy
 40605 | Tomb:1   | Reached XP level 25. HP: 261/285 MP: 32/32
 40616 | Tomb:1   | Noticed a greater mummy
 40644 | Tomb:1   | Killed a greater mummy
 40694 | Tomb:1   | Noticed a greater mummy
 40730 | Tomb:1   | Killed a greater mummy
 40914 | Tomb:1   | Noticed a greater mummy
 40958 | Tomb:1   | Killed a greater mummy
 40958 | Tomb:1   | Reached skill level 17 in Axes
 41142 | Tomb:1   | Was forgiven by Makhleb
 41487 | Tomb:3   | Entered Level 3 of the Tomb of the Ancients
 41941 | Tomb:3   | Noticed a greater mummy
 41942 | Tomb:3   | Noticed a greater mummy
 41942 | Tomb:3   | Noticed a greater mummy
 42111 | Tomb:3   | Noticed a greater mummy
 42237 | Tomb:3   | Noticed an ancient lich
 42285 | Tomb:3   | Noticed a greater mummy
 42285 | Tomb:3   | Noticed a greater mummy
 42290 | Tomb:2   | HP: 29/300 [??? (14)]
 42292 | Tomb:2   | Killed a greater mummy
 42292 | Tomb:2   | Reached skill level 3 in Dodging
 42292 | Tomb:2   | Reached skill level 2 in Invocations
 42690 | Tomb:3   | Noticed a greater mummy
 42700 | Tomb:2   | Killed a greater mummy
 42700 | Tomb:2   | Reached skill level 3 in Invocations
 42701 | Tomb:2   | Reached skill level 4 in Dodging
 42892 | Tomb:2   | Killed a greater mummy
 42892 | Tomb:2   | Reached skill level 4 in Invocations
 42964 | Tomb:2   | HP: 10/300 [phantasmal warrior[a greater mummy] (21)]
 42964 | Tomb:2   | Mangled by a phantasmal warrior

Vault maps used:
D:1:      lemuel_arrival_funnel, minmay_misc_feat_tower
D:2:      minivault_11, kennysheep_jessica_study
D:3:      lemuel_coloured_pillars_altar
D:4:      kennysheep_mini, serial_shops, shop, first_bread, kennysheep_dice
D:5:      elyvilon_altar_5, grunt_ministairs_2, uniq_menkaure
D:6:      grunt_temple_overflow_order_and_chaos_2, fedhas_altar_3,
          nicolae_ossuary_entry_ruins
D:7:      ashenzari_conservatory_becter, minmay_temple_entry_overgrown,
          minivault_14, minmay_door_square, grunt_ogre_cave
D:8:      tso_altar, serial_shops, shop_fountains
D:9:      lair_0_dummy, basic_altar
D:11:     zombieorc1_lemuel, serial_co_window_serial, co_window_paths_a,
          co_window_cross_1, co_window_paths_b, co_window_paths_a,
          co_window_paths_a, co_window_paths_a, co_window_of_opportunity_a,
          co_window_corner_ca, co_window_of_opportunity_b,
          co_window_unsneaky_path_c, co_window_broadway_b, co_window_2corner,
          glass_columns_a
D:12:     special_room
D:13:     david_vaults_3, serial_shops, shop, shop, grunt_ministairs_7
D:14:     small_statue_alley_a, hangedman_glass_teeth, hangedman_decor_lopped,
          kennysheep_small_square
D:15:     hangedman_depths_entry_civil_slaughter, serial_shops,
          nicolae_shop_temple_entry_statues_fountains,
          hangedman_decor_peaks_small, nicolae_two_hexagons,
          hangedman_abyss_or_decor_passed, minivault_16, uniq_rupert
Lair:1:   serial_bayou_pond_d, lemuel_fruit_tree, lemuel_fruit_fields,
          infiniplex_staircase_pool
Lair:2:   minmay_lair_oklob_chamber, infiniplex_staircase_pool_2
Lair:3:   wad_woods_tower, minmay_shoals_entry_hut, portal_ice_cave_entry_imps,
          columned_hall_lemuel, beast_lair_carwin_4
Lair:4:   grunt_megastairs_5, serial_bayou_shore_a, uniq_snorg, uniq_josephine
Lair:5:   nicolae_spider_entry_tight_spaces, roderic_batcave, uniq_kirke
Lair:6:   minmay_slime_entry_pillars, grunt_megastairs_4
Lair:7:   beast_lair_carwin_1
Lair:8:   evilmike_catoblepas_cave, lemuel_fruit_fields
Shoals:1: nicolae_shoals_kraken_intersection
Shoals:2: uniq_aizul
Shoals:3: uniq_jorgrun
Shoals:4: shoals_end_simple, shoal_ilsuiw, lemuel_oklob_altar
Spider:1: nicolae_spider_nook
Spider:2: special_room, spider_trap
Spider:3: nicolae_spider_cling_ruins, uniq_nikola, uniq_asterion, uniq_arachne
Spider:4: grunt_spider_rune_parallel
Slime:3:  basic_altar
Orc:1:    serial_shops, shop
Orc:2:    st_orc_congregation, nicolae_volcano_entry_s_turn, serial_shops,
          shop_statue, shop, shop, shop, nicolae_shop_overgrown_old_shop
Elf:1:    eino_elf_arrival_the_gate, minivault_28, grunt_megastairs_1
Elf:2:    serial_shops, nicolae_shop_crystal, nicolae_trove_entry_path_of_doom,
          nooodl_food_tri
Elf:3:    elf_hall, kennysheep_underground_church
Vaults:1: v_misc_15, v_misc_10, st_octagons_2, nicolae_vaults_hallways_thing,
          ontoclasm_vaults_idyll, nicolae_vaults_little_squares_5,
          hangedman_vaults_stream, vaults_room_octagon, ontoclasm_vaults_eye,
          hangedman_vaults_corner_blocks, dpeg_vaults_monster_row,
          ontoclasm_vaults_twist, vaults_room_corners, vaults_room_hallway,
          hangedman_vaults_restitches, grunt_vaults_focal, vaults_room_pools
Vaults:2: ontoclasm_vaults_decontamination, ontoclasm_vaults_ring_small,
          ontoclasm_vaults_idyll, ontoclasm_vaults_fault,
          nicolae_vaults_windows_and_doors_thing, v_misc_8,
          hangedman_vaults_cutoff, st_spiral_rooms, vaults_room_pools,
          vaults_room_door_ring, vaults_mumra_hexcomb, vaults_room_hallway
Vaults:3: nicolae_vaults_triangles, vaults_mumra_hex, st_lines,
          hangedman_vaults_capsules, v_rooms_4, v_pattern_4, v_misc_13,
          v_alt_pattern_2, minmay_crypt_entry_necro_gods
Vaults:4: ontoclasm_vaults_shuriken, st_quartered_hall, vaults_room_door_hall,
          dpeg_vaults_monster_box, hangedman_vaults_nodes,
          nicolae_vaults_mini_display_case, vaults_mumra_minichess,
          nicolae_vaults_ring_of_whatevers, v_misc_16, uniq_frederick,
          uniq_mennas
Vaults:5: serial_shops, uniq_jory, uniq_xtahua
Crypt:1:  grunt_ministairs_10, st_chilly_death, grunt_crypt_arrival_webbed,
          uniq_saint_roka
Crypt:2:  lemuel_upstairs_altar
Crypt:3:  david_glass_crypt, nicolae_tomb_entry_unfolded_pyramid_diagonal
Depths:1: enter_ziggurat_a, hell_entry, abyss_entry, serial_sigils,
          serial_sigils_hangedman_quiver, serial_sigils_hangedman_writhe,
          serial_sigils_hangedman_leer, serial_sigils_hangedman_shear,
          minmay_variable_closet, minmay_misc_feat_tiny, not_door_vault_mu,
          serial_bayou_pond_e, kennysheep_generic_room_6
Depths:2: giant_chief_lemuel, pf_vacation_house_of_asmodeus,
          abyss_entry_small_statue_room, pan_entry, minmay_misc_feat_columns,
          kennysheep_just_a_vault
Ossuary:  minmay_ossuary_two_tombs
IceCv:    ice_cave_small_demon
Volcano:  volcano_lake

Skill      XL: |  1  2  3  4  5  6  7  8  9 10 11 12 13 14 15 16 17 18 19 20 21 22 23 24 25 |
---------------+----------------------------------------------------------------------------+-----
Fighting       | 5 6 10 14 16 19 21 22 24 27 | 27.0
Maces & Flails | 1 3 5 8 10 12 14 16 18 21 22 24 26 27 | 27.0
Spellcasting   | 2 4 5 6 |  6.1
Translocations | 2 3 4 5 |  5.7
Armour         | 2 7 9 |  9.1
Shields        | 7 |  7.3
Throwing       | 11 12 | 12.0
Axes           | 4 10 13 16 17 | 17.5
Dodging        | 4 |  4.5
Invocations    | 4 |  4.1
Evocations     | |  1.5

Action                   |  1- 3 |  4- 6 |  7- 9 | 10-12 | 13-15 | 16-18 | 19-21 | 22-24 | 25-27 || total
-------------------------+-------+-------+-------+-------+-------+-------+-------+-------+-------++-------
Melee: Hand axe          |    36 |    73 |       |       |       |       |       |       |       ||   109
       Mace              |       |    25 |   361 |   574 |  1348 |  1583 |   139 |       |       ||  4030
       Flail             |       |    95 |       |       |       |       |       |       |       ||    95
       Giant spiked club |       |       |       |    29 |       |       |       |    20 |       ||    49
       Staff             |       |       |       |       |     5 |       |       |       |       ||     5
       Demon whip        |       |       |       |       |       |    70 |   991 |       |       ||  1061
       Battleaxe         |       |       |       |       |       |       |    25 |   991 |   216 ||  1232
       Great mace        |       |       |       |       |       |       |     3 |       |       ||     3
 Fire: Blowgun           |       |       |     7 |    96 |       |       |       |       |       ||   103
Throw: Stone             |     1 |    20 |     3 |    23 |       |       |       |       |       ||    47
       Javelin           |       |       |       |       |       |    84 |       |       |       ||    84
       Throwing net      |       |       |       |       |       |     1 |       |       |       ||     1
       Large rock        |       |       |       |       |       |     8 |    93 |    40 |     1 ||   142
 Cast: Shroud of Golubri |       |       |    26 |    96 |    15 |       |       |       |       ||   137
       Apportation       |       |       |     5 |    74 |    12 |     2 |     5 |    33 |     1 ||   132
       Blink             |       |       |       |    31 |       |       |       |       |       ||    31
       Teleport Other    |       |       |       |     2 |       |       |       |       |       ||     2
       Repel Missiles    |       |       |       |       |       |       |     1 |       |       ||     1
       Portal Projectile |       |       |       |       |       |       |       |     2 |       ||     2
Invok: Brand Weapon With |       |       |       |       |       |       |       |     1 |       ||     1
Evoke: Stone of tremors  |     1 |       |       |       |       |       |       |       |       ||     1
       Wand              |       |     3 |     3 |       |    12 |     3 |     5 |     8 |       ||    34
  Use: Potion            |     2 |     1 |     1 |     7 |       |     1 |       |    10 |     3 ||    25
       Scroll            |       |    14 |    11 |    18 |    19 |     9 |     9 |    25 |       ||   105
 Stab: Sleeping          |     1 |       |     4 |     6 |       |       |       |       |       ||    11
       Distracted        |       |       |       |     1 |     1 |       |       |     1 |       ||     3
       Confused          |       |       |       |       |     1 |       |       |       |       ||     1
       Petrified         |       |       |       |       |     1 |       |       |     1 |       ||     2
  Eat: Chunk             |       |     6 |     9 |    22 |    18 |    17 |     3 |       |       ||    75
       Pizza             |       |       |     1 |     1 |     2 |       |     1 |     4 |       ||     9
       Beef jerky        |       |       |     4 |     1 |     2 |     1 |     5 |       |       ||    13
       Fruit             |       |       |       |     3 |     3 |     7 |       |     2 |       ||    15
       Meat ration       |       |       |       |       |       |       |     3 |     4 |       ||     7
       Royal jelly       |       |       |       |       |       |       |     2 |     1 |       ||     3
       Bread ration      |       |       |       |       |       |       |       |       |     2 ||     2

Table legend:
 A = Turns spent in this place as a percentage of turns spent in the entire game.
 B = Non-inter-level travel turns spent in this place as a percentage of non-inter-level travel turns spent in the entire game.
 C = Inter-level travel turns spent in this place as a percentage of turns spent in this place.
 D = Turns resting spent in this place as a percentage of non-inter-level travel turns spent in this place.
 E = Turns spent auto-exploring this place as a percentage of non-inter-level travel turns spent in this place.
 F = Non-inter-level travel turns spent in this place divided by the number of levels of this place that you've seen.
                   A       B       C       D       E      F
               +-------+-------+-------+-------+-------+----------------------
         Total | 100.0 | 100.0 |   0.4 |   1.0 |   0.0 | 554.3
       Dungeon |  26.4 |  26.3 |   0.7 |   0.5 |   0.1 | 564.0
          Lair |  17.5 |  17.4 |   0.5 |   0.2 |   0.0 | 701.2
        Shoals |   6.8 |   6.8 |   0.2 |   0.5 |   0.0 | 547.5
   Spider Nest |   6.6 |   6.6 |   0.1 |   0.3 |   0.0 | 530.0
    Slime Pits |   1.9 |   1.9 |   0.0 |   0.3 |   0.0 | 103.5
  Orcish Mines |   5.6 |   5.6 |   0.5 |   0.9 |   0.1 | 905.0
   Elven Halls |   4.4 |   4.4 |   0.1 |   0.5 |   0.0 | 468.3
        Vaults |  15.5 |  15.5 |   0.1 |   1.1 |   0.0 | 998.8
         Crypt |   3.0 |   3.0 |   0.4 |   1.1 |   0.0 | 320.3
          Tomb |   7.5 |   7.5 |   0.2 |   6.3 |   0.0 | 806.7
        Depths |   1.5 |   1.5 |   1.1 |   0.0 |   0.0 | 235.5
       Ossuary |   1.1 |   1.1 |   0.0 |   1.2 |   0.0 | 344.0
      Ice Cave |   1.4 |   1.4 |   0.0 |   2.6 |   0.0 | 463.0
       Volcano |   0.9 |   0.9 |   0.0 |   1.4 |   0.0 | 283.0
               +-------+-------+-------+-------+-------+----------------------

Table legend:
 A = Kills in this place as a percentage of kills in entire the game.
 B = Kills by you in this place as a percentage of kills by you in the entire game.
 C = Kills by friends in this place as a percentage of kills by friends in the entire game.
 D = Other kills in this place as a percentage of other kills in the entire game.
 E = Experience gained in this place as a percentage of experience gained in the entire game.
 F = Experience gained in this place divided by the number of levels of this place that you have seen.
                   A       B       C       D       E      F
               +-------+-------+-------+-------+-------+----------------------
         Total | 100.0 | 100.0 | 100.0 | 100.0 | 100.0 | 18015.9
       Dungeon |  20.8 |  20.5 |  80.0 |   0.0 |   4.6 | 3169.9
          Lair |  16.5 |  16.6 |   0.0 |   0.0 |   7.7 | 10052.9
        Shoals |   5.5 |   5.6 |   0.0 |   0.0 |   5.7 | 14804.8
   Spider Nest |   6.7 |   6.7 |   0.0 |   0.0 |   5.6 | 14752.0
    Slime Pits |   4.2 |   4.2 |   0.0 |   0.0 |   6.3 | 10946.5
  Orcish Mines |   5.3 |   5.4 |   0.0 |   0.0 |   1.5 | 8061.5
   Elven Halls |   3.7 |   3.5 |   0.0 |  75.0 |   7.0 | 24497.0
        Vaults |  17.1 |  17.1 |  20.0 |   0.0 |  27.3 | 57008.4
         Crypt |   3.4 |   3.4 |   0.0 |   0.0 |   5.7 | 19685.0
          Tomb |  10.6 |  10.6 |   0.0 |  25.0 |  24.2 | 84272.3
        Depths |   2.7 |   2.7 |   0.0 |   0.0 |   3.8 | 19638.5
       Ossuary |   1.9 |   1.9 |   0.0 |   0.0 |   0.0 | 438.0
      Ice Cave |   1.2 |   1.2 |   0.0 |   0.0 |   0.4 | 4522.0
       Volcano |   0.5 |   0.5 |   0.0 |   0.0 |   0.2 | 2281.0
               +-------+-------+-------+-------+-------+----------------------

Vault maps used:
D:1:      lemuel_arrival_funnel, minmay_misc_feat_tower
D:2:      minivault_11, kennysheep_jessica_study
D:3:      lemuel_coloured_pillars_altar
D:4:      kennysheep_mini, serial_shops, shop, first_bread, kennysheep_dice
D:5:      elyvilon_altar_5, grunt_ministairs_2, uniq_menkaure
D:6:      grunt_temple_overflow_order_and_chaos_2, fedhas_altar_3,
          nicolae_ossuary_entry_ruins
D:7:      ashenzari_conservatory_becter, minmay_temple_entry_overgrown,
          minivault_14, minmay_door_square, grunt_ogre_cave
D:8:      tso_altar, serial_shops, shop_fountains
D:9:      lair_0_dummy, basic_altar
D:11:     zombieorc1_lemuel, serial_co_window_serial, co_window_paths_a,
          co_window_cross_1, co_window_paths_b, co_window_paths_a,
          co_window_paths_a, co_window_paths_a, co_window_of_opportunity_a,
          co_window_corner_ca, co_window_of_opportunity_b,
          co_window_unsneaky_path_c, co_window_broadway_b, co_window_2corner,
          glass_columns_a
D:12:     special_room
D:13:     david_vaults_3, serial_shops, shop, shop, grunt_ministairs_7
D:14:     small_statue_alley_a, hangedman_glass_teeth, hangedman_decor_lopped,
          kennysheep_small_square
D:15:     hangedman_depths_entry_civil_slaughter, serial_shops,
          nicolae_shop_temple_entry_statues_fountains,
          hangedman_decor_peaks_small, nicolae_two_hexagons,
          hangedman_abyss_or_decor_passed, minivault_16, uniq_rupert
Lair:1:   serial_bayou_pond_d, lemuel_fruit_tree, lemuel_fruit_fields,
          infiniplex_staircase_pool
Lair:2:   minmay_lair_oklob_chamber, infiniplex_staircase_pool_2
Lair:3:   wad_woods_tower, minmay_shoals_entry_hut, portal_ice_cave_entry_imps,
          columned_hall_lemuel, beast_lair_carwin_4
Lair:4:   grunt_megastairs_5, serial_bayou_shore_a, uniq_snorg, uniq_josephine
Lair:5:   nicolae_spider_entry_tight_spaces, roderic_batcave, uniq_kirke
Lair:6:   minmay_slime_entry_pillars, grunt_megastairs_4
Lair:7:   beast_lair_carwin_1
Lair:8:   evilmike_catoblepas_cave, lemuel_fruit_fields
Shoals:1: nicolae_shoals_kraken_intersection
Shoals:2: uniq_aizul
Shoals:3: uniq_jorgrun
Shoals:4: shoals_end_simple, shoal_ilsuiw, lemuel_oklob_altar
Spider:1: nicolae_spider_nook
Spider:2: special_room, spider_trap
Spider:3: nicolae_spider_cling_ruins, uniq_nikola, uniq_asterion, uniq_arachne
Spider:4: grunt_spider_rune_parallel
Slime:3:  basic_altar
Orc:1:    serial_shops, shop
Orc:2:    st_orc_congregation, nicolae_volcano_entry_s_turn, serial_shops,
          shop_statue, shop, shop, shop, nicolae_shop_overgrown_old_shop
Elf:1:    eino_elf_arrival_the_gate, minivault_28, grunt_megastairs_1
Elf:2:    serial_shops, nicolae_shop_crystal, nicolae_trove_entry_path_of_doom,
          nooodl_food_tri
Elf:3:    elf_hall, kennysheep_underground_church
Vaults:1: v_misc_15, v_misc_10, st_octagons_2, nicolae_vaults_hallways_thing,
          ontoclasm_vaults_idyll, nicolae_vaults_little_squares_5,
          hangedman_vaults_stream, vaults_room_octagon, ontoclasm_vaults_eye,
          hangedman_vaults_corner_blocks, dpeg_vaults_monster_row,
          ontoclasm_vaults_twist, vaults_room_corners, vaults_room_hallway,
          hangedman_vaults_restitches, grunt_vaults_focal, vaults_room_pools
Vaults:2: ontoclasm_vaults_decontamination, ontoclasm_vaults_ring_small,
          ontoclasm_vaults_idyll, ontoclasm_vaults_fault,
          nicolae_vaults_windows_and_doors_thing, v_misc_8,
          hangedman_vaults_cutoff, st_spiral_rooms, vaults_room_pools,
          vaults_room_door_ring, vaults_mumra_hexcomb, vaults_room_hallway
Vaults:3: nicolae_vaults_triangles, vaults_mumra_hex, st_lines,
          hangedman_vaults_capsules, v_rooms_4, v_pattern_4, v_misc_13,
          v_alt_pattern_2, minmay_crypt_entry_necro_gods
Vaults:4: ontoclasm_vaults_shuriken, st_quartered_hall, vaults_room_door_hall,
          dpeg_vaults_monster_box, hangedman_vaults_nodes,
          nicolae_vaults_mini_display_case, vaults_mumra_minichess,
          nicolae_vaults_ring_of_whatevers, v_misc_16, uniq_frederick,
          uniq_mennas
Vaults:5: serial_shops, uniq_jory, uniq_xtahua
Crypt:1:  grunt_ministairs_10, st_chilly_death, grunt_crypt_arrival_webbed,
          uniq_saint_roka
Crypt:2:  lemuel_upstairs_altar
Crypt:3:  david_glass_crypt, nicolae_tomb_entry_unfolded_pyramid_diagonal
Depths:1: enter_ziggurat_a, hell_entry, abyss_entry, serial_sigils,
          serial_sigils_hangedman_quiver, serial_sigils_hangedman_writhe,
          serial_sigils_hangedman_leer, serial_sigils_hangedman_shear,
          minmay_variable_closet, minmay_misc_feat_tiny, not_door_vault_mu,
          serial_bayou_pond_e, kennysheep_generic_room_6
Depths:2: giant_chief_lemuel, pf_vacation_house_of_asmodeus,
          abyss_entry_small_statue_room, pan_entry, minmay_misc_feat_columns,
          kennysheep_just_a_vault
Ossuary:  minmay_ossuary_two_tombs
IceCv:    ice_cave_small_demon
Volcano:  volcano_lake
